 Dungeon Crawl Stone Soup version 0.30-a0-956-gcec3b41aec (webtiles) character file.

Game seed: 9878202538553043520

2075 cforsyth the Basher (level 9, 0/74 HPs)
             Began as a Formicid Fighter on Mar 29, 2023.
             Slain by a hornet (6 damage)
             ... on level 7 of the Dungeon.
             The game lasted 00:08:59 (6629 turns).

cforsyth the Basher (Formicid Fighter)              Turns: 6629, Time: 00:08:59

Health: 0/74       AC: 15    Str: 26    XL:     9   Next: 51%
Magic:  9/9        EV:  6    Int:  7    God:
Gold:   370        SH:  5    Dex: 13    Spells: 8/8 levels left

rFire   . . .      SeeInvis +    a - +0 flail
rCold   . . .      Faith    .    c - +0 buckler
rNeg    . . .      Spirit   .    w - +0 plate armour
rPois   .          Reflect  .    (helmet unavailable)
rElec   .          Rampage  .    (no cloak)
rCorr   +                        (no gloves)
Will    .....                    (no boots) Stlth
                                 (no amulet)
HPRegen 0.32/turn                m - +4 ring of protection
MPRegen 0.11/turn                n - ring of resist corrosion

@: mighty
A: permanent stasis, dig shafts and tunnels, antennae 3, four strong arms
a: Dig, Shaft Self


You were on level 7 of the Dungeon.
You visited 1 branch of the dungeon, and saw 7 of its levels.

You collected 370 gold pieces.

Inventory:

Hand Weapons
 a - a +0 flail (weapon)
Missiles
 q - a throwing net
Armour
 b - a +0 scale mail
 c - a +0 buckler (worn)
 w - a +0 plate armour (worn)
Jewellery
 m - a +4 ring of protection (left hand)
 n - a ring of resist corrosion (right hand)
Wands
 z - a wand of roots (6)
 A - a wand of polymorph (3)
 C - a wand of acid (13)
 G - a wand of flame (8)
Scrolls
 e - 8 scrolls of identify {unknown}
 f - a scroll of noise {unknown}
 h - 2 scrolls of fog {unknown}
 k - a scroll of enchant armour {unknown}
 p - a scroll of vulnerability {unknown}
 r - a scroll of acquirement {unknown}
 s - 4 scrolls of fear {unknown}
 t - a scroll of amnesia {unknown}
 u - 2 scrolls of blinking {unknown}
 v - 6 scrolls of teleportation {unknown}
 x - a scroll of torment {unknown}
 y - 3 scrolls of summoning {unknown}
 B - a scroll of magic mapping {unknown}
 F - 4 scrolls of immolation {unknown}
Potions
 d - 3 potions of might
 g - a potion of brilliance {unknown}
 i - a potion of magic {unknown}
 j - 2 potions of mutation {unknown}
 l - 2 potions of lignification {unknown}
 o - 3 potions of curing {unknown}
 D - 2 potions of heal wounds
 E - a potion of attraction {unknown}


   Skills:
 + Level 8.2 Fighting
 * Level 10.0 Maces & Flails
 - Level 3.2 Armour
 - Level 4.0 Shields


You had 8 spell levels left.
You didn't know any spells.
Your spell library contained the following spells:

 Spells                   Type           Power      Damage    Failure   Level
 Apportation              Tloc           0%         N/A       100%        1
 Magic Dart               Conj           0%         1d3       100%        1
 Slow                     Hex            0%         N/A       100%        1
 Lesser Beckoning         Tloc           0%         N/A       100%        2
 Momentum Strike          Conj/Tloc      0%         3d8       100%        2
 Searing Ray              Conj           0%         2d4       100%        2
 Ignite Poison            Fire/Tmut/Pois 0%         N/A       100%        3
 Summon Guardian Golem    Hex/Summ       0%         N/A       100%        3
 Fulminant Prism          Conj/Hex       0%         3d5       100%        4
 Sticky Flame             Conj/Fire      0%         2d3       100%        4
 Alistair's Intoxication  Tmut/Pois      0%         N/A       100%        5
 Monstrous Menagerie      Summ           0%         N/A       100%        7
 Ignition                 Fire           0%         3d3       100%        8
 Blink                    Tloc           Unusable   N/A       N/A         2

Dungeon Overview and Level Annotations

Branches:
Dungeon (7/15)
 Temple: D:4-7

Altars:
Cheibriados
Elyvilon
Gozag
Hepliaklqana
Nemelex Xobeh
Trog
Xom
The Shining One

Shops:
D:1 =?   D:2 ?

Annotations:
D:4 1 runed translucent door, Crazy Yiuf
D:7 1 transporter


Innate Abilities, Weirdness & Mutations

You cannot be hasted, slowed, berserked, paralysed or teleported.
You can dig through walls and to a lower floor.
You have a pair of large antennae on your head. (SInv)
Your four strong arms can wield two-handed weapons with a shield.


Message History

The steam dragon bites you but does no damage.
The steam dragon claws you but does no damage.
You barely miss the steam dragon.
The steam dragon is moderately wounded.
The steam dragon bites you but does no damage.
You block the steam dragon's attack.
You barely miss the steam dragon.
The steam dragon is moderately wounded.
The steam dragon bites you.
The steam dragon claws you but does no damage.
You hit the steam dragon but do no damage.
The steam dragon is moderately wounded.
A hornet comes into view.
The steam dragon bites you but does no damage.
The steam dragon claws you but does no damage.
The hornet buzzes angrily.
You hit the steam dragon but do no damage.
The steam dragon is moderately wounded.
The steam dragon breathes steam at you. The ball of steam hits you.
You feel very mighty all of a sudden.
You are engulfed in a cloud of scalding steam.
The steam dragon bites you!
* * * LOW HITPOINT WARNING * * *
The steam dragon claws you but does no damage.
You closely miss the steam dragon.
The steam dragon is moderately wounded.
You are engulfed in a cloud of scalding steam.
The steam dragon breathes steam at you. The ball of steam hits you!
* * * LOW HITPOINT WARNING * * *
You sock the steam dragon!
The steam dragon is severely wounded.
The hornet stings you but does no damage.
The steam dragon barely misses you. The steam dragon claws you.
* * * LOW HITPOINT WARNING * * *
You hit the steam dragon.
The steam dragon is almost dead.
The hornet stings you.
You die...

©...........#
............ {
#.........## { .#
#.#........# c ...
#.##......##### .###.# {
#.##........... #.{..#
{##.##.§......... ####..
##......!D.......
...#####......#y@.......
.........<...##.........
..######....####.#......
....##...#...# #.##.#...
###.###..##..# ... ## ..
....#...###..)#.... .
.......## ##.......
..##...# ..#....
.##...## ..###


You could see a hornet and a steam dragon (catching breath).

Vanquished Creatures
  Sigmund (D:2)
  3 yaks (D:6)
  A steam dragon (D:7)
  Duvessa (D:5)
  2 sky beasts
  2 ice beasts (D:7)
  2 ogres (D:5)
  A bullfrog (D:6)
  A scorpion (D:5)
  Dowan (D:5)
  2 howler monkeys
  A jelly (D:6)
  3 hounds
  A sleepcap (D:4)
  3 iguanas
  5 gnolls
  8 adders
  A shadow imp (D:7)
  2 worms
  2 dart slugs (D:3)
  11 orcs
  8 endoplasms
  A giant cockroach (D:3)
  8 goblins
  11 hobgoblins
  8 jackals
  7 kobolds
  2 quokkas
  8 ball pythons
  6 bats
  5 frilled lizards
  7 rats
125 creatures vanquished.

Vanquished Creatures (others)
  2 plants (D:4)
2 creatures vanquished.

Grand Total: 127 creatures vanquished

Notes
Turn   | Place    | Note
-------+----------+-------------------------------------------
     0 | D:1      | cforsyth the Formicid Fighter began the quest for the Orb.
     0 | D:1      | Reached XP level 1. HP: 18/18 MP: 1/1
    49 | D:1      | Found a faded altar of an unknown god.
    62 | D:1      | Reached XP level 2. HP: 20/24 MP: 2/2
   402 | D:1      | Found Niveepuu's Jewellery Shop.
   419 | D:1      | Found Bariemob's Magic Scroll Boutique.
   428 | D:1      | Reached skill level 3 in Maces & Flails
   428 | D:1      | Reached XP level 3. HP: 20/30 MP: 3/3
  1040 | D:2      | Reached XP level 4. HP: 22/37 MP: 4/4
  1438 | D:2      | Found The Oracle's Delphic Readings.
  1607 | D:2      | Noticed Sigmund
  1618 | D:2      | Killed Sigmund
  1619 | D:2      | Reached skill level 5 in Maces & Flails
  1619 | D:2      | Reached XP level 5. HP: 32/43 MP: 5/5
  1619 | D:2      | Reached XP level 6. HP: 37/50 MP: 6/6
  1909 | D:3      | Reached skill level 5 in Fighting
  2248 | D:3      | Identified the +7 rapier of the Puffball {freeze, *Slow
                  | rPois Int+4}
  2543 | D:3      | Found a hazy altar of Hepliaklqana.
  3231 | D:4      | Reached XP level 7. HP: 56/56 MP: 7/7
  3497 | D:4      | Found a runed translucent door.
  3498 | D:4      | Noticed Crazy Yiuf
  3754 | D:5      | Entered Level 5 of the Dungeon
  3764 | D:5      | Reached skill level 6 in Maces & Flails
  3864 | D:5      | Noticed Dowan
  3865 | D:5      | Noticed Duvessa
  4584 | D:5      | You fall into a shaft and drop 1 floor!
  4584 | D:6      | Found a snail-covered altar of Cheibriados.
  4745 | D:6      | Reached skill level 7 in Maces & Flails
  4745 | D:6      | Reached XP level 8. HP: 57/64 MP: 8/8
  5015 | D:6      | Noticed a yak
  5123 | D:6      | Got the Compendium of Generative Beguiling
  5483 | D:5      | Killed Duvessa
  5484 | D:5      | Reached skill level 8 in Maces & Flails
  5498 | D:5      | Killed Dowan
  5784 | D:6      | Killed a yak
  5939 | D:6      | Noticed a yak
  5939 | D:6      | Noticed a yak
  5965 | D:6      | Killed a yak
  5966 | D:6      | Reached XP level 9. HP: 38/72 MP: 9/9
  5968 | D:6      | Reached skill level 9 in Maces & Flails
  6369 | D:7      | Found an opulent altar of Gozag.
  6374 | D:7      | Found a bloodstained altar of Trog.
  6379 | D:7      | Found a glowing golden altar of the Shining One.
  6383 | D:7      | Found a shimmering altar of Xom.
  6385 | D:7      | Found a sparkling altar of Nemelex Xobeh.
  6417 | D:7      | Found a transporter.
  6523 | D:7      | Found a white marble altar of Elyvilon.
  6564 | D:7      | Noticed a boulder beetle
  6613 | D:7      | Reached skill level 10 in Maces & Flails
  6623 | D:7      | Noticed a hornet
  6629 | D:7      | Slain by a hornet

Illustrated notes

Levels and vault maps discovered:
D:1:      eino_arrival_cavern_a, layout_basic,
          nicolae_ecumenical_snake_handling, serial_shops, shop,
          nicolae_shop_waterfront, dk_noncrumbling_4, columned_hall_lemuel
D:2:      layout_basic, nicolae_nh_oracle_at_delphi, uniq_sigmund
D:3:      layout_loops_ring, marbit_many_paths, kennysheep_doodads,
          minmay_misc_feat_roman, hangedman_decor_points,
          nicolae_figureground_pulse
D:4:      minmay_angry_zag, layout_loops_ring, serial_forest,
          infiniplex_forest_lined_3, infiniplex_forest_lined_3,
          infiniplex_forest_end_2, infiniplex_forest_lined_1,
          infiniplex_forest_fountain, infiniplex_forest_straight_1,
          infiniplex_forest_end_1, infiniplex_forest_straight_2,
          uniq_crazy_yiuf_cottage
D:5:      layout_gridville, uniq_duvessa
D:6:      layout_cave_pools, kennysheep_little_box
D:7:      gammafunk_the_bubble [the_bubble_gammafunk_crates], layout_cave_pools,
          grunt_temple_overflow_lords_of_destruction, kennysheep_ying_yang,
          mainiacjoe_overflow_big_doors, minitemple,
          minmay_temple_entry_statues_pillars, serial_park, minivault_14

Skill      XL: |  1  2  3  4  5  6  7  8  9 |
---------------+----------------------------+-----
Maces & Flails | 3 5 7 8 10 | 10.0
Fighting       | 4 5 6 7 8 |  8.2
Armour         | |  3.2
Shields        | |  4.0

Action                     |  1- 3 |  4- 6 |  7- 9 || total
---------------------------+-------+-------+-------++-------
  Melee: Flail             |    92 |   180 |   184 ||   456
Ability: Shaft Self        |       |       |     1 ||     1
  Evoke: Wand              |       |       |     9 ||     9
    Use: Potion            |       |       |     1 ||     1
 Armour: Scale mail        |    39 |    74 |     9 ||   122
         Plate armour      |       |       |   100 ||   100
  Dodge: Dodged            |    55 |    94 |    48 ||   197
  Block: Buckler           |    25 |    42 |    41 ||   108

Table legend: (Time is in decaauts)
 A = Elapsed time spent in this place.
 B = Non-inter-level travel time spent in this place.
 C = Inter-level travel time spent in this place.
 D = Time resting spent in this place.
 E = Time spent auto-exploring this place.
 F = Levels seen in this place.
 G = Mean time per level.
                   A        B        C        D        E       F      G
               +--------+--------+--------+--------+--------+-----+--------+
         Total |   6698 |   6407 |    291 |   1201 |   3725 |   7 |  956.9 |
       Dungeon |   6698 |   6407 |    291 |   1201 |   3725 |   7 |  956.9 |
               +--------+--------+--------+--------+--------+-----+--------+

Top non-repeatable levels by time:
     D:5: 1202 daAuts
     D:4: 1150 daAuts
     D:6: 1149 daAuts
     D:3: 1120 daAuts
     D:1: 980 daAuts
     D:2: 794 daAuts
     D:7: 300 daAuts
